 Dungeon Crawl Stone Soup version 0.31-a0-1467-g53b6572822 (webtiles) character file.

Game seed: 7208148661668414727

88 shadizar the Trooper (level 4, -1/41 HPs)
             Began as a Minotaur Fighter on Dec 28, 2023.
             Slain by Grinder (8 damage)
             ... on level 3 of the Dungeon.
             The game lasted 00:02:18 (1731 turns).

shadizar the Trooper (Minotaur Fighter)             Turns: 1731, Time: 00:02:19

Health: -1/41      AC:  9    Str: 23    XL:     4   Next: 30%
Magic:  3/3        EV:  8    Int:  5    God:
Gold:   159        SH:  5    Dex:  9    Spells: 3/3 levels left

rFire   . . .        a - +0 war axe
rCold   . . .        m - +1 buckler {reflect}
rNeg    . . .        p - +0 chain mail
rPois   .            (helmet restricted)
rElec   .            (no cloak)
rCorr   .            (no gloves)
SInv    .            (no boots)
Will    .....        (no amulet) Stlth
                     (no ring)
HPRegen 0.26/turn    (no ring)
MPRegen 0.08/turn

%: reflection
@: mighty
A: horns 2, retaliatory headbutt
a: no special abilities


You were on level 3 of the Dungeon.
You visited 1 branch of the dungeon, and saw 3 of its levels.

You collected 159 gold pieces.

Inventory:

Hand Weapons
 a - a +0 war axe (weapon)
Armour
 b - a +0 scale mail
 c - a +0 buckler
 m - a +1 buckler of reflection (worn)
 p - a +0 chain mail (worn)
Jewellery
 e - a ring of poison resistance
 k - a ring of fire
 v - a ring of see invisible
Talismans
 n - a flux talisman
Scrolls
 f - 2 scrolls of identify {unknown}
 g - 2 scrolls of teleportation {unknown}
 h - 2 scrolls of enchant weapon {unknown}
 j - a scroll of fog {unknown}
 o - a scroll of noise {unknown}
 r - a scroll of amnesia {unknown}
 s - a scroll of torment {unknown}
 t - a scroll of vulnerability {unknown}
 u - a scroll of fear {unknown}
Potions
 i - a potion of lignification {unknown}
 l - 2 potions of invisibility {unknown}
 q - 2 potions of curing {unknown}
 w - a potion of brilliance {unknown}


   Skills:
 + Level 4.3 Fighting
 + Level 3.3 Axes
 + Level 4.2 Armour
 + Level 1.6 Dodging
 + Level 4.2 Shields


You had 3 spell levels left.
You didn't know any spells.
Your spell library was empty.

Dungeon Overview and Level Annotations

Branches:
Dungeon (3/15)

Altars:

Shops:
D:3 *

Annotations:
D:3 Grinder


Innate Abilities, Weirdness & Mutations

You have a pair of horns on your head.
You reflexively headbutt those who attack you in melee.


Message History

You are too injured to fight recklessly!
You feel very mighty all of a sudden. Grinder closely misses you.
Unknown command.
You slash Grinder!
Grinder is moderately wounded.
Grinder says, "At least Makhleb appreciates what I'm doing."
Grinder hits you.
You writhe in agony.
Grinder gestures at you.
You suddenly lose the ability to move!
Grinder says, "You look like you could use a good racking."
Grinder hits you.
* * * LOW HITPOINT WARNING * * *
You writhe in agony.
* * * LOW HITPOINT WARNING * * *
You can move again.
Unknown command.
Unknown command.
Unknown command.
Unknown command.
Unknown command.
Unknown command.
Unknown command.
Unknown command.
Unknown command.
Unknown command.
Unknown command.
Unknown command.
You slice Grinder!!
Grinder is almost dead.
You block Grinder's attack.
Unknown command.
Unknown command.
Unknown command.
Unknown command.
You hit Grinder.
Grinder is almost dead.
Grinder hits you!
You die...
Grinder says, "Hey, I wasn't done torturing you yet!"

#.# #. #.# ## ####.#
#....# #.#### #.#
####### #.# #.....#
#.#
#..@..######.######
#.).5.............##
#..[..######........
#.....# ######.##
###.### #########.##
#.# ##...........
#.# #............
#.# #.(#######.#.
#..# #...


You could see Grinder.

Vanquished Creatures
  2 adders (D:3)
  3 worms
  2 orcs (D:3)
  2 ball pythons
  2 endoplasms
  2 giant cockroaches
  6 goblins
  7 hobgoblins
  7 jackals (D:1)
  8 kobolds
  2 quokkas
  A bat (D:1)
  5 frilled lizards
  5 rats
54 creatures vanquished.

Notes
Turn   | Place    | Note
-------+----------+-------------------------------------------
     0 | D:1      | shadizar the Minotaur Fighter began the quest for the Orb.
     0 | D:1      | Reached XP level 1. HP: 19/19 MP: 0/0
    83 | D:1      | Reached XP level 2. HP: 27/27 MP: 1/1
   283 | D:1      | Reached skill level 1 in Dodging
   399 | D:1      | Reached XP level 3. HP: 29/33 MP: 2/2
  1500 | D:3      | Reached XP level 4. HP: 34/40 MP: 3/3
  1531 | D:3      | Found Titwul's Assorted Antiques.
  1716 | D:3      | Noticed Grinder
  1722 | D:3      | Paralysed by Grinder for 2 turns
  1728 | D:3      | Paralysed by Grinder for 2 turns
  1731 | D:3      | Slain by Grinder

Illustrated notes

Levels and vault maps discovered:
D:1:      reono_arrival_mine, layout_rooms
D:2:      layout_loops_ring
D:3:      layout_loops_ring, serial_shops, shop, uniq_grinder

Skill      XL: |  1  2  3 |
---------------+----------+-----
Dodging        | 1 |  1.6
Armour         | 4 |  4.2
Fighting       | 4 |  4.3
Shields        | 4 |  4.2
Axes           | 3 |  3.3

Action                     |  1- 3 |  4- 6 || total
---------------------------+-------+-------++-------
  Melee: War axe           |    95 |    24 ||   119
         Headbutt          |    11 |     4 ||    15
    Use: Potion            |       |     1 ||     1
 Armour: Scale mail        |    40 |       ||    40
         Chain mail        |    20 |    11 ||    31
  Dodge: Dodged            |    40 |     9 ||    49
  Block: Buckler           |    26 |     4 ||    30

Table legend: (Time is in decaauts)
 A = Elapsed time spent in this place.
 B = Non-inter-level travel time spent in this place.
 C = Inter-level travel time spent in this place.
 D = Time resting spent in this place.
 E = Time spent auto-exploring this place.
 F = Levels seen in this place.
 G = Mean time per level.
                   A        B        C        D        E       F      G
               +--------+--------+--------+--------+--------+-----+--------+
         Total |   1775 |   1705 |     70 |      0 |   1321 |   3 |  591.7 |
       Dungeon |   1775 |   1705 |     70 |      0 |   1321 |   3 |  591.7 |
               +--------+--------+--------+--------+--------+-----+--------+

Top non-repeatable levels by time:
     D:2: 671 daAuts
     D:1: 603 daAuts
     D:3: 500 daAuts
